 Dungeon Crawl Stone Soup version 0.19.0-20-gbc5f0c6 (webtiles) character file.

694 Melicamp the Ruffian (level 7, 0/63 HPs)
             Began as a Ghoul Monk on Nov 17, 2016.
             Was a Priest of Cheibriados.
             Slain by a gnoll
             ... wielding a +0 halberd
              (9 damage)
             ... on level 5 of the Dungeon.
             The game lasted 00:22:36 (4709 turns).

Melicamp the Ruffian (Ghoul Monk)                   Turns: 4709, Time: 00:22:36

Health: 0/63       AC:  5    Str: 23    XL:     7   Next: 64%
Magic:  6/6        EV: 12    Int: 13    God:    Cheibriados [***...]
Gold:   162        SH:  0    Dex: 21    Spells: 0 memorised, 6 levels left

rFire  . . .     SeeInvis .       - Unarmed
rCold  + + .     Gourm    .     k - +0 ring mail
rNeg   + + +     Faith    .     (no shield)
rPois  ∞         Spirit   .     (no helmet)
rElec  .         Reflect  .     (no cloak)
rCorr  .         Harm     .     (no gloves)
MR     .....                    (no boots)
Stlth  ++........               (no amulet)
                                j - ring of protection from cold
                                i - ring of positive energy

@: rotting, very slow
A: rotting body, claws 1, carnivore 3, cold resistance 1, negative energy
resistance 3, slow regeneration 1, torment resistance, unbreathing
a: Bend Time, Temporal Distortion, Renounce Religion


You were on level 5 of the Dungeon.
You worshipped Cheibriados.
Cheibriados was most pleased with you.
You were not hungry.

You visited 1 branch of the dungeon, and saw 5 of its levels.

You collected 162 gold pieces.

Inventory:

Armour
 k - a +0 ring mail (worn)
Jewellery
 i - a ring of positive energy (left claw)
 j - a ring of protection from cold (right claw)
Scrolls
 a - a scroll of enchant weapon
 e - 2 scrolls of teleportation
 l - 2 scrolls of remove curse
 q - a scroll of amnesia {unknown}
Potions
 f - 2 potions of agility
 g - 2 potions of curing
 h - 2 potions of lignification
 m - a potion of flight
 o - a potion of haste {unknown}
Books
 d - a book of Minor Magic

   Spells                             Type                      Level
   a - Magic Dart                     Conjuration                  1
   b - Blink                          Translocation                2
   c - Call Imp                       Summoning                    2
   d - Repel Missiles                 Charms/Air                   2
   e - Slow                           Hexes                        2
   f - Conjure Flame                  Conjuration/Fire             3
   g - Mephitic Cloud                 Conjuration/Poison/Air       3
 p - a book of Geomancy

   Spells                             Type                      Level
   a - Sandblast                      Earth                        1
   b - Passwall                       Transmutation/Earth          2
   c - Stone Arrow                    Conjuration/Earth            3
   d - Petrify                        Transmutation/Earth          4
   e - Lee's Rapid Deconstruction     Earth                        5
Comestibles
 b - 4 meat rations
 c - a slice of pizza
 n - 10 chunks of flesh


   Skills:
 - Level 6.3 Fighting
 - Level 2.6 Dodging
 - Level 2.1 Stealth
 * Level 7.8 Unarmed Combat


You had 6 spell levels left.
You didn't know any spells.

Dungeon Overview and Level Annotations

Branches:
Dungeon (5/15)
 Temple: D:4-7

Altars:
Cheibriados
Dithmenos
The Shining One

Shops:
D:4 }(

Annotations:
D:5 exclusion: upstairs, Dowan, Duvessa


Innate Abilities, Weirdness & Mutations

Your body is rotting away.
You thrive on raw meat.
You are immune to poison.
You have sharp fingernails.
You are carnivorous and can eat meat at any time.
Your flesh is cold resistant. (rC+)
You are immune to negative energy. (rN+++)
You regenerate slowly when monsters are visible.
You are immune to unholy pain and torment.
You can survive without breathing.


Message History

The gnoll closely misses you. The gnoll hits you with a halberd!
There is a large open door here.
Items here: ( ) ÷÷ † 5 stones; a whip; a gnoll corpse; a quokka skeleton; a gnoll skeleton The gnoll closely misses you.
The gnoll hits you.
There is a large open door here.
You see here 3 stones.
You claw the gnoll!
The gnoll is heavily wounded.
The gnoll hits you from afar with a halberd!
* * * LOW HITPOINT WARNING * * *
The gnoll hits you.
* * * LOW HITPOINT WARNING * * *
You scratch the gnoll but do no damage.
The gnoll is heavily wounded.
You claw the gnoll!
You kill the gnoll!
Cheibriados appreciates the change of pace.
The gnoll hits you from afar with a halberd!
You die...

..##.. .....
#.##.##....:
##..#'#.....#
#............
#...........#
#..(.%.#+###
#...g..#.#
###(#+##.#
#####@#....######
#....(...........
#.....(.<........
#....(...........
####............)
#.............
#.............
..............#
...............#


You could see a gnoll.

Vanquished Creatures
  A scorpion (D:5)
  A howler monkey (D:4)
  A bullfrog zombie (D:5)
  A centaur zombie (D:4)
  2 hounds (D:4)
  An orc priest (D:3)
  A bullfrog skeleton (D:3)
  A centaur skeleton (D:4)
  5 worker ants
  Robin (D:4)
  8 gnolls
  A howler monkey skeleton (D:4)
  6 adders
  An ooze (D:1)
  3 worms
  4 dart slugs
  4 leopard geckos
  5 orcs
  5 giant cockroaches
  19 goblins
  8 hobgoblins
  9 jackals
  3 quokkas
  8 bats
  7 frilled lizards
  8 kobolds
  A leopard gecko skeleton (D:5)
  A quokka skeleton (D:4)
  8 rats
124 creatures vanquished.

Notes
Turn   | Place    | Note
-------+----------+-------------------------------------------
     0 | D:1      | Melicamp the Ghoul Monk began the quest for the Orb.
     0 | D:1      | Reached XP level 1. HP: 19/19 MP: 0/0
    80 | D:1      | Reached XP level 2. HP: 16/27 MP: 1/1
   608 | D:1      | Reached XP level 3. HP: 21/33 MP: 2/2
  1326 | D:2      | Reached skill level 4 in Unarmed Combat
  1428 | D:2      | Reached XP level 4. HP: 37/39 MP: 3/3
  1660 | D:2      | Reached skill level 5 in Fighting
  2109 | D:2      | Found a faded altar of an unknown god.
  2198 | D:2      | Found a shadowy altar of Dithmenos.
  2241 | D:2      | Found a snail-covered altar of Cheibriados.
  2515 | D:3      | Reached XP level 5. HP: 44/48 MP: 4/4
  2638 | D:2      | Became a worshipper of Cheibriados the Contemplative
  2638 | D:2      | Reached * piety under Cheibriados
  2638 | D:2      | Reached ** piety under Cheibriados
  2763 | D:3      | Found a glowing golden altar of the Shining One.
  3029 | D:3      | Reached XP level 6. HP: 55/57 MP: 5/5
  3311 | D:4      | Reached skill level 5 in Unarmed Combat
  3523 | D:4      | Noticed Robin
  3530 | D:4      | Killed Robin
  3723 | D:4      | Reached *** piety under Cheibriados
  3780 | D:4      | Reached skill level 6 in Unarmed Combat
  3880 | D:4      | Found Yninuc Quis's Antique Weapon Shoppe.
  4059 | D:4      | Found Hicyrph's Gadget Shop.
  4079 | D:4      | Reached XP level 7. HP: 44/63 MP: 6/6
  4441 | D:5      | Entered Level 5 of the Dungeon
  4441 | D:5      | Noticed Duvessa
  4441 | D:5      | Noticed Dowan
  4481 | D:5      | Reached skill level 7 in Unarmed Combat
  4709 | D:5      | Slain by a gnoll

Skill      XL: |  1  2  3  4  5  6  7 |
---------------+----------------------+-----
Fighting       | 4 5 6 |  6.3
Unarmed Combat | 4 6 7 |  7.8
Dodging        | |  2.6
Stealth        | |  2.1

Action                   |  1- 3 |  4- 6 |  7- 9 || total
-------------------------+-------+-------+-------++-------
Melee: Unarmed           |   122 |   287 |    56 ||   465
       Punch             |     1 |     5 |     4 ||    10
  Use: Scroll            |     7 |     4 |       ||    11
 Stab: Sleeping          |       |     7 |       ||     7
  Eat: Chunk             |     3 |     7 |       ||    10
Armor: Robe              |     1 |       |       ||     1
       Leather armour    |    37 |    17 |       ||    54
       Ring mail         |       |    59 |    17 ||    76
Dodge: Dodged            |    76 |   188 |    42 ||   306
